Stars vs Flyers
(R1)
Created - 13 janvier 2014 at 19:35
Goals
|
| Stars |
0 |
2 |
0 |
2 |
| Flyers |
1 |
1 |
2 |
4 |
|
Shots
|
| Stars |
10 |
13 |
8 |
31 |
| Flyers |
18 |
9 |
9 |
36 |
|
1st period
1. Flyers , Jonathan Ericsson 4 (David Vyborny, Blair Betts) at 12:36
Penalties :
Shane Doan (Dal) for Hooking (Minor) at 4:01, Mike Lundin (Phi) for Tripping (Minor) at 18:48
2nd period
2. Stars , Shane Doan 16 (Antoine Vermette, Pavel Kubina) at 0:37 (PP)
3. Flyers , Sydney Crosby 20 (Martin St. Louis) at 5:09 (PP)
4. Stars , Patrik Elias 9 (Marty Reasoner) at 10:23
Penalties :
Cory Stillman (Dal) for Hooking (Minor) at 3:20, David Vyborny (Phi) for Roughing (Minor) at 15:55, David Vyborny (Phi) for Roughing (Minor) at 17:55
3rd period
5. Flyers , David Vyborny 8 (Matt Moulson, Alex Tanguay) at 3:40 (PP)
6. Flyers , Ryane Clowe 2 (Sheldon Keefe, Jeff O'Neill) at 11:56 (PP)
Penalties :
Milan Michalek (Dal) for Holding (Minor) at 2:55, Jan Hlavac (Dal) for Goalie Interference (Minor) at 8:20, Jan Hlavac (Dal) for Hooking (Minor) at 10:43, Francis Bouillon (Dal) for Hooking (Minor) at 12:47, Jeff O'Neill (Phi) for Roughing (Minor) at 18:16
Goalie Stats
Pascal Leclaire (Dal), 32 saves from 36 shots - (0,889), L, 14-16-1, 60:00 minutes
Chris Mason (Phi), 29 saves from 31 shots - (0,935), W, 10-15-5, 60:00 minutes
Players Stats for Stars
Player Name G A P +/- PIM S H SB GA TA FO MP PP MP PK MP
------------------------------------------------------------------------------------
Alexei Morozov 0 0 0 -1 0 2 0 0 1 0 0/0 19:05 4:07 0:00
Antoine Vermette 0 1 1 0 0 4 4 0 0 0 6/13 16:05 3:07 1:55
Brendan Bell 0 0 0 0 0 0 2 0 0 0 0/0 10:02 0:00 0:48
Brian Gionta 0 0 0 1 0 1 1 1 1 0 0/0 9:34 0:16 0:00
Brian Pothier 0 0 0 0 0 0 0 3 0 0 0/0 8:53 0:00 0:00
Cory Stillman 0 0 0 -1 2 3 2 0 0 0 0/3 22:28 4:07 3:43
David Legwand 0 0 0 -1 0 4 1 0 1 2 14/32 22:14 4:07 2:26
Filip Novak 0 0 0 0 0 2 2 0 0 1 0/0 30:00 4:08 5:24
Francis Bouillon 0 0 0 0 2 2 2 0 0 1 0/0 20:04 3:22 3:32
Jan Hlavac 0 0 0 0 4 0 0 0 0 0 0/0 9:10 0:00 2:30
Marty Reasoner 0 1 1 1 0 5 1 1 0 0 11/15 14:47 0:00 5:23
Michael Rupp 0 0 0 0 0 0 1 0 0 0 0/0 6:37 0:00 0:00
Milan Michalek 0 0 0 0 2 1 1 0 2 0 0/0 15:05 3:07 0:56
Patrik Elias 1 0 1 1 0 4 0 0 2 0 0/0 9:43 0:16 0:09
Pavel Kubina 0 1 1 0 0 0 2 2 1 0 0/0 30:00 4:08 5:24
Randy Jones 0 0 0 0 0 1 3 0 0 0 0/0 21:07 3:22 4:20
Scott Walker 0 0 0 0 0 0 1 1 0 0 0/1 10:29 0:16 2:26
Shane Doan 1 0 1 0 2 2 1 0 0 0 0/1 14:47 3:07 0:00
Players Stats for Flyers
Player Name G A P +/- PIM S H SB GA TA FO MP PP MP PK MP
------------------------------------------------------------------------------------
Alex Tanguay 0 1 1 0 0 1 2 1 0 2 0/1 24:27 5:41 4:06
Blair Betts 0 1 1 0 0 0 2 0 0 0 0/0 8:17 0:06 1:34
Chris Pronger 0 0 0 1 0 3 2 1 0 2 0/0 31:40 5:17 5:25
David Vyborny 1 1 2 0 4 4 0 0 0 0 0/0 6:41 0:06 0:00
Jeff O'Neill 0 1 1 0 2 3 1 0 0 0 7/11 17:18 3:57 1:49
Jonathan Ericsson 1 0 1 1 0 2 2 0 0 1 0/0 26:44 4:55 4:16
Justin Williams 0 0 0 0 0 1 1 0 1 0 1/2 9:56 0:00 0:00
Mark Giordano 0 0 0 -1 0 1 1 1 0 1 0/0 18:35 1:50 1:42
Martin St. Louis 0 1 1 0 0 2 3 0 1 0 0/0 20:21 5:41 0:00
Matt Moulson 0 1 1 0 0 0 2 0 0 0 0/0 7:39 0:06 0:56
Mike Lundin 0 0 0 -1 2 2 0 1 0 0 0/0 10:55 1:43 0:00
Nolan Pratt 0 0 0 0 0 1 1 1 0 0 0/0 15:11 0:23 3:37
Olli Jokinen 0 0 0 0 0 1 0 0 0 0 5/6 9:56 0:00 0:00
Ryane Clowe 1 0 1 0 0 3 0 2 1 0 0/0 15:30 3:57 0:00
Scott Hannan 0 0 0 0 0 2 2 2 0 1 0/0 16:54 5:20 0:00
Scottie Upshall 0 0 0 0 0 0 1 1 0 0 1/1 9:56 0:00 0:00
Sheldon Keefe 0 1 1 0 0 4 1 0 1 1 1/1 17:58 3:57 2:28
Sydney Crosby 1 0 1 0 0 6 0 1 0 0 19/43 24:28 5:41 4:07
3 Stars
1 - Jonathan Ericsson (Phi)
2 - Patrik Elias (Dal)
3 - Ryane Clowe (Phi)
Power Play
Stars - 1 on 4 Attempt(s) - 25,00%
Flyers - 3 on 6 Attempt(s) - 50,00%
Penalty Kill
Stars - 3 on 6 Attempt(s) - 50,00%
- Score 0 goal in Penalty Kill
Flyers - 3 on 4 Attempt(s) - 75,00%
- Score 0 goal in Penalty Kill
Official
Referees : Devorski Paul and Dwyer Gord
Linesman : Michel Cormier and Brad Kovachik
Game Notes
Mike Lundin is injured at 11:17 of 2nd period (Upper Body)
Finance
Level 1 -- Attendance: 5292 (88,20%) -- Ticket Income 449 820 $
Level 2 -- Attendance: 4670 (93,40%) -- Ticket Income 233 500 $
Level 3 -- Attendance: 1863 (93,15%) -- Ticket Income 55 890 $
Level 4 -- Attendance: 3704 (92,60%) -- Ticket Income 74 080 $
Luxury Box -- Attendance: 887 (88,70%) -- Ticket Income 146 355 $
Game was played at the Wells Fargo Center
Total Attendance: 16416 (91,20%)
Total Ticket Income: 959 645 $
Other Income: 143 947 $
Total Income: 1 103 592 $
Stars
5 vs 5 Forward
Center Left Wing Right Wing Time % Phy DF OF
1 David Legwand Cory Stillman Alexei Morozov 40 1 2 2
2 Antoine Vermette Milan Michalek Shane Doan 30 1 2 2
3 Marty Reasoner Patrik Elias Brian Gionta 20 1 2 2
4 Michael Rupp Jan Hlavac Scott Walker 10 1 2 2
5 vs 5 Defense
Defense Defense Time % Phy DF OF
1 Pavel Kubina Filip Novak 40 1 2 2
2 Francis Bouillon Randy Jones 30 1 2 2
3 Brian Pothier Brendan Bell 20 1 2 2
4 Pavel Kubina Filip Novak 10 1 2 2
PowerPlay Forward
Center Left Wing Right Wing Time % Phy DF OF
1 David Legwand Cory Stillman Alexei Morozov 60 1 2 2
2 Antoine Vermette Milan Michalek Shane Doan 40 1 2 2
PowerPlay Defense
Defense Defense Time % Phy DF OF
1 Pavel Kubina Filip Novak 60 1 2 2
2 Francis Bouillon Randy Jones 40 1 2 2
Penalty Kill 4 Players Forward
Center Wing Time % Phy DF OF
1 Marty Reasoner Cory Stillman 60 1 2 2
2 David Legwand Scott Walker 40 1 2 2
Penalty Kill 4 Players Defense
Defense Defense Time % Phy DF OF
1 Pavel Kubina Filip Novak 60 1 2 2
2 Francis Bouillon Randy Jones 40 1 2 2
Penalty Kill - 3 Players Forward
Forward Time % Phy DF OF
1 Marty Reasoner 60 1 2 2
2 Cory Stillman 40 1 2 2
Penalty Kill - 3 Players Defense
Defense Defense Time % Phy DF OF
1 Pavel Kubina Filip Novak 60 1 2 2
2 Francis Bouillon Randy Jones 40 1 2 2
4 vs 4 Forward
Center Wing Time % Phy DF OF
1 David Legwand Alexei Morozov 60 1 2 2
2 Shane Doan Cory Stillman 40 1 2 2
4 vs 4 Defense
Defense Defense Time % Phy DF OF
1 Pavel Kubina Filip Novak 60 1 2 2
2 Francis Bouillon Randy Jones 40 1 2 2
Last Minutes Offensive
Center Left Wing Right Wing Defense Defense
David Legwand Cory Stillman Alexei Morozov Pavel Kubina Filip Novak
Last Minutes Defensive
Center Left Wing Right Wing Defense Defense
Marty Reasoner Cory Stillman Scott Walker Pavel Kubina Filip Novak
Goaltenders
Starting : Pascal Leclaire
Backup : Vesa Toskala
Extra Forwards
Normal : Patrik Elias, Brian Gionta, Marty Reasoner - PP : Patrik Elias, Brian Gionta - PK : Marty Reasoner
Extra Defensemen
Normal : Brian Pothier, Brendan Bell, Francis Bouillon - PP : Brian Pothier - PK : Brendan Bell, Francis Bouillon
Penalty Shots
David Legwand, Alexei Morozov, Shane Doan, Cory Stillman, Antoine Vermette
Flyers
5 vs 5 Forward
Center Left Wing Right Wing Time % Phy DF OF
1 Sydney Crosby Alex Tanguay Martin St. Louis 40 1 1 3
2 Jeff O'Neill Ryane Clowe Sheldon Keefe 25 1 2 2
3 Olli Jokinen Scottie Upshall Justin Williams 25 1 2 2
4 Blair Betts Matt Moulson David Vyborny 10 1 2 2
5 vs 5 Defense
Defense Defense Time % Phy DF OF
1 Chris Pronger Jonathan Ericsson 40 1 2 2
2 Mike Lundin Mark Giordano 30 1 2 2
3 Nolan Pratt Scott Hannan 20 1 2 2
4 Chris Pronger Scott Hannan 10 1 2 2
PowerPlay Forward
Center Left Wing Right Wing Time % Phy DF OF
1 Sydney Crosby Alex Tanguay Martin St. Louis 60 0 1 4
2 Jeff O'Neill Ryane Clowe Sheldon Keefe 40 0 1 4
PowerPlay Defense
Defense Defense Time % Phy DF OF
1 Chris Pronger Jonathan Ericsson 60 0 1 4
2 Scott Hannan Mike Lundin 40 0 1 4
Penalty Kill 4 Players Forward
Center Wing Time % Phy DF OF
1 Sydney Crosby Alex Tanguay 60 0 4 1
2 Jeff O'Neill Sheldon Keefe 40 0 4 1
Penalty Kill 4 Players Defense
Defense Defense Time % Phy DF OF
1 Chris Pronger Jonathan Ericsson 60 0 4 1
2 Nolan Pratt Mike Lundin 40 0 4 1
Penalty Kill - 3 Players Forward
Forward Time % Phy DF OF
1 Sydney Crosby 60 0 4 1
2 Jeff O'Neill 40 0 4 1
Penalty Kill - 3 Players Defense
Defense Defense Time % Phy DF OF
1 Chris Pronger Jonathan Ericsson 60 0 4 1
2 Nolan Pratt Mike Lundin 40 0 4 1
4 vs 4 Forward
Center Wing Time % Phy DF OF
1 Sydney Crosby Martin St. Louis 60 1 2 2
2 Jeff O'Neill Alex Tanguay 40 1 2 2
4 vs 4 Defense
Defense Defense Time % Phy DF OF
1 Chris Pronger Jonathan Ericsson 60 1 2 2
2 Scott Hannan Mike Lundin 40 1 2 2
Last Minutes Offensive
Center Left Wing Right Wing Defense Defense
Sydney Crosby Alex Tanguay Martin St. Louis Chris Pronger Jonathan Ericsson
Last Minutes Defensive
Center Left Wing Right Wing Defense Defense
Sydney Crosby Alex Tanguay Sheldon Keefe Chris Pronger Jonathan Ericsson
Goaltenders
Starting : Chris Mason
Backup : Mathieu Garon
Extra Forwards
Normal : Sydney Crosby, Jeff O'Neill, Martin St. Louis - PP : Sydney Crosby, Jeff O'Neill - PK : Sydney Crosby
Extra Defensemen
Normal : Chris Pronger, Jonathan Ericsson, Mike Lundin - PP : Chris Pronger - PK : Chris Pronger, Jonathan Ericsson
Penalty Shots
Sydney Crosby, Jeff O'Neill, Martin St. Louis, Alex Tanguay, Chris Pronger
% Time on Ice - Stars
Lines # - Real PCT - Wanted PCT - Time Play
Normal Forward
1 - 34% - 40% - 14:45
2 - 28% - 30% - 12:07
3 - 22% - 20% - 9:17
4 - 15% - 10% - 6:37
Normal Defense
1 - 43% - 40% - 18:16
2 - 31% - 30% - 13:25
3 - 21% - 20% - 8:53
4 - 5% - 10% - 2:12
PP Forward
1 - 58% - 60% - 4:23
2 - 42% - 40% - 3:07
PP Defense
1 - 55% - 60% - 4:08
2 - 45% - 40% - 3:22
PK Forward
1 - 75% - 60% - 7:18
2 - 25% - 40% - 2:26
PK Defense
1 - 55% - 60% - 5:24
2 - 45% - 40% - 4:20
PK3 Forward
1 - 0% - 60%
2 - 0% - 40%
PK3 Defense
1 - 0% - 60%
2 - 0% - 40%
44 Forward
1 - 0% - 60%
2 - 0% - 40%
44 Defense
1 - 0% - 60%
2 - 0% - 40%
Last Minute Offensive - 0:00
Last Minute Defensive - 0:00
Total
Forward - 60:00
Defense - 60:00
|
% Time on Ice - Flyers
Lines # - Real PCT - Wanted PCT - Time Play
Normal Forward
1 - 35% - 40% - 14:46
2 - 27% - 25% - 11:33
3 - 23% - 25% - 9:56
4 - 15% - 10% - 6:31
Normal Defense
1 - 38% - 40% - 16:11
2 - 35% - 30% - 15:01
3 - 24% - 20% - 10:10
4 - 3% - 10% - 1:24
PP Forward
1 - 59% - 60% - 5:47
2 - 41% - 40% - 3:57
PP Defense
1 - 39% - 60% - 3:48
2 - 61% - 40% - 5:56
PK Forward
1 - 67% - 60% - 5:02
2 - 33% - 40% - 2:28
PK Defense
1 - 47% - 60% - 3:33
2 - 53% - 40% - 3:57
PK3 Forward
1 - 0% - 60%
2 - 0% - 40%
PK3 Defense
1 - 0% - 60%
2 - 0% - 40%
44 Forward
1 - 0% - 60%
2 - 0% - 40%
44 Defense
1 - 0% - 60%
2 - 0% - 40%
Last Minute Offensive - 0:00
Last Minute Defensive - 0:00
Total
Forward - 60:00
Defense - 60:00
|
Play by Play
1st period
0:01 of 1st period - David Legwand wins face-off versus Sydney Crosby in neutral zone.
0:03 of 1st period - Off-side.
0:04 of 1st period - Sydney Crosby wins face-off versus David Legwand in neutral zone.
0:12 of 1st period - Icing by Pavel Kubina.
0:13 of 1st period - Sheldon Keefe wins face-off versus Cory Stillman in Stars zone.
0:48 of 1st period - Wrist shot by Ryane Clowe.
0:48 of 1st period - Stopped by Pascal Leclaire with a rebound.
1:05 of 1st period - Icing by Sheldon Keefe.
1:06 of 1st period - Jeff O'Neill wins face-off versus Antoine Vermette in Flyers zone.
1:06 of 1st period - Jeff O'Neill is hit by Antoine Vermette.
1:36 of 1st period - Slapshot by Sydney Crosby.
1:36 of 1st period - Deflect By Martin St. Louis.
1:36 of 1st period - Stopped by Pascal Leclaire with a rebound.
2:02 of 1st period - Wrist shot by David Vyborny.
2:02 of 1st period - Stopped by Pascal Leclaire without a rebound.
2:03 of 1st period - Olli Jokinen wins face-off versus Antoine Vermette in Stars zone.
2:38 of 1st period - Wrist shot by Patrik Elias.
2:38 of 1st period - Shot Blocked by Scott Hannan.
2:52 of 1st period - Wrist shot by Alexei Morozov.
2:52 of 1st period - Shot Blocked by Nolan Pratt.
3:03 of 1st period - Nolan Pratt is hit by Brendan Bell and loses puck.
3:40 of 1st period - Backhand shot by Chris Pronger.
3:40 of 1st period - Stopped by Pascal Leclaire without a rebound.
3:41 of 1st period - Sydney Crosby wins face-off versus Scott Walker in Stars zone.
3:46 of 1st period - Slapshot by Alex Tanguay.
3:46 of 1st period - Stopped by Pascal Leclaire without a rebound.
3:47 of 1st period - Sydney Crosby wins face-off versus Antoine Vermette in Stars zone.
4:01 of 1st period - Minor Penalty to Shane Doan for Hooking.
4:02 of 1st period - Marty Reasoner wins face-off versus Sydney Crosby in Stars zone.
5:47 of 1st period - Ryane Clowe is hit by Pavel Kubina and loses puck.
6:01 of 1st period - Penalty to Shane Doan is over, Shane Doan is back on ice.
6:11 of 1st period - Scott Walker is hit by Chris Pronger and loses puck.
6:31 of 1st period - Brian Pothier is hit by Scott Hannan and loses puck.
6:52 of 1st period - Mike Lundin is hit by Brendan Bell and loses puck.
7:12 of 1st period - Off-side.
7:13 of 1st period - Jeff O'Neill wins face-off versus Marty Reasoner in neutral zone.
7:38 of 1st period - Snap shot by Antoine Vermette.
7:38 of 1st period - Stopped by Chris Mason without a rebound.
7:39 of 1st period - Sydney Crosby wins face-off versus Antoine Vermette in Flyers zone.
7:48 of 1st period - Slapshot by Antoine Vermette.
7:48 of 1st period - Shot Misses the Net.
7:52 of 1st period - Wrist shot by Alexei Morozov.
7:52 of 1st period - Shot Misses the Net.
7:54 of 1st period - Slapshot by Pavel Kubina.
7:54 of 1st period - Shot Misses the Net.
8:08 of 1st period - Snap shot by Chris Pronger.
8:08 of 1st period - Deflect By Olli Jokinen.
8:08 of 1st period - Shot Blocked by Brian Gionta.
8:08 of 1st period - Puck is out of play.
8:09 of 1st period - Marty Reasoner wins face-off versus Olli Jokinen in Stars zone.
8:20 of 1st period - Snap shot by Patrik Elias.
8:20 of 1st period - Stopped by Chris Mason with a rebound.
8:22 of 1st period - Slapshot by Francis Bouillon.
8:22 of 1st period - Shot Blocked by Scottie Upshall.
8:24 of 1st period - Snap shot by Marty Reasoner.
8:24 of 1st period - Stopped by Chris Mason with a rebound.
8:59 of 1st period - Snap shot by Jeff O'Neill.
8:59 of 1st period - Stopped by Pascal Leclaire with a rebound.
9:28 of 1st period - Icing by Brian Gionta.
9:29 of 1st period - Antoine Vermette wins face-off versus Sydney Crosby in Stars zone.
9:29 of 1st period - Antoine Vermette is hit by Alex Tanguay.
9:35 of 1st period - Wrist shot by Milan Michalek.
9:35 of 1st period - Stopped by Chris Mason without a rebound.
9:36 of 1st period - Antoine Vermette wins face-off versus Sydney Crosby in Flyers zone.
9:37 of 1st period - Wrist shot by Milan Michalek.
9:37 of 1st period - Deflect By Antoine Vermette.
9:37 of 1st period - Stopped by Chris Mason without a rebound.
9:38 of 1st period - Sydney Crosby wins face-off versus David Legwand in Flyers zone.
10:31 of 1st period - Wrist shot by Justin Williams.
10:31 of 1st period - Stopped by Pascal Leclaire with a rebound.
11:14 of 1st period - Jonathan Ericsson is hit by David Legwand.
12:08 of 1st period - Slapshot by Matt Moulson.
12:08 of 1st period - Shot Misses the Net.
12:26 of 1st period - Snap shot by David Vyborny.
12:26 of 1st period - Stopped by Pascal Leclaire with a rebound.
12:32 of 1st period - Slapshot by Blair Betts.
12:32 of 1st period - Deflect By David Vyborny.
12:32 of 1st period - Stopped by Pascal Leclaire with a rebound.
12:34 of 1st period - Snap shot by David Vyborny.
12:34 of 1st period - Shot Blocked by Brian Pothier.
12:36 of 1st period - Slapshot by Jonathan Ericsson.
12:36 of 1st period - Goal by Jonathan Ericsson - Stars : 0 - Flyers : 1.
12:37 of 1st period - Sydney Crosby wins face-off versus Marty Reasoner in neutral zone.
13:02 of 1st period - Scott Hannan is hit by Scott Walker and loses puck.
13:15 of 1st period - Snap shot by Michael Rupp.
13:15 of 1st period - Shot Blocked by Scott Hannan.
13:35 of 1st period - Snap shot by Milan Michalek.
13:35 of 1st period - Deflect By Sheldon Keefe.
13:35 of 1st period - Shot Blocked by Ryane Clowe.
13:35 of 1st period - Puck is out of play.
13:36 of 1st period - Marty Reasoner wins face-off versus Sydney Crosby in Flyers zone.
13:37 of 1st period - Slapshot by Patrik Elias.
13:37 of 1st period - Stopped by Chris Mason without a rebound.
13:38 of 1st period - Sydney Crosby wins face-off versus Marty Reasoner in Flyers zone.
14:13 of 1st period - Wrist shot by Ryane Clowe.
14:13 of 1st period - Shot Misses the Net.
14:25 of 1st period - Wrist shot by Antoine Vermette.
14:25 of 1st period - Stopped by Chris Mason with a rebound.
14:27 of 1st period - Slapshot by Filip Novak.
14:27 of 1st period - Stopped by Chris Mason with a rebound.
14:29 of 1st period - Slapshot by Pavel Kubina.
14:29 of 1st period - Shot Blocked by Mark Giordano.
14:31 of 1st period - Snap shot by Pavel Kubina.
14:31 of 1st period - Deflect By Antoine Vermette.
14:31 of 1st period - Shot Misses the Net.
14:31 of 1st period - Puck is out of play.
14:32 of 1st period - Marty Reasoner wins face-off versus Sydney Crosby in Flyers zone.
15:01 of 1st period - Snap shot by David Legwand.
15:01 of 1st period - Shot Misses the Net.
15:30 of 1st period - Off-side.
15:31 of 1st period - Sydney Crosby wins face-off versus David Legwand in neutral zone.
15:58 of 1st period - Jonathan Ericsson is hit by Filip Novak and loses puck.
16:07 of 1st period - Snap shot by Milan Michalek.
16:07 of 1st period - Deflect By Antoine Vermette.
16:07 of 1st period - Stopped by Chris Mason with a rebound.
16:53 of 1st period - Off-side.
16:54 of 1st period - Jeff O'Neill wins face-off versus David Legwand in neutral zone.
16:56 of 1st period - Off-side.
16:57 of 1st period - Jeff O'Neill wins face-off versus David Legwand in neutral zone.
17:00 of 1st period - Wrist shot by Ryane Clowe.
17:00 of 1st period - Stopped by Pascal Leclaire with a rebound.
17:02 of 1st period - Snap shot by Mike Lundin.
17:02 of 1st period - Stopped by Pascal Leclaire with a rebound.
17:04 of 1st period - Slapshot by Sheldon Keefe.
17:04 of 1st period - Stopped by Pascal Leclaire without a rebound.
17:05 of 1st period - David Legwand wins face-off versus Sydney Crosby in Stars zone.
17:53 of 1st period - Snap shot by Jeff O'Neill.
17:53 of 1st period - Stopped by Pascal Leclaire with a rebound.
17:55 of 1st period - Snap shot by Mike Lundin.
17:55 of 1st period - Stopped by Pascal Leclaire without a rebound.
17:56 of 1st period - Jeff O'Neill wins face-off versus Cory Stillman in Stars zone.
17:59 of 1st period - Wrist shot by Sheldon Keefe.
17:59 of 1st period - Shot Misses the Net.
18:01 of 1st period - Snap shot by Jeff O'Neill.
18:01 of 1st period - Stopped by Pascal Leclaire without a rebound.
18:02 of 1st period - David Legwand wins face-off versus Sydney Crosby in Stars zone.
18:29 of 1st period - Snap shot by Justin Williams.
18:29 of 1st period - Shot Misses the Net.
18:33 of 1st period - Wrist shot by Olli Jokinen.
18:33 of 1st period - Shot Misses the Net.
18:37 of 1st period - Snap shot by Olli Jokinen.
18:37 of 1st period - Stopped by Pascal Leclaire with a rebound.
18:48 of 1st period - Minor Penalty to Mike Lundin for Tripping.
18:49 of 1st period - Sydney Crosby wins face-off versus David Legwand in Flyers zone.
18:49 of 1st period - Sydney Crosby is hit by Randy Jones.
19:01 of 1st period - Snap shot by Alexei Morozov.
19:01 of 1st period - Shot Misses the Net.
19:03 of 1st period - Snap shot by Francis Bouillon.
19:03 of 1st period - Shot Misses the Net.
19:05 of 1st period - Snap shot by David Legwand.
19:05 of 1st period - Stopped by Chris Mason with a rebound.
19:15 of 1st period - Jonathan Ericsson is hit by Antoine Vermette and loses puck.
19:25 of 1st period - Icing by Filip Novak.
19:26 of 1st period - Jeff O'Neill wins face-off versus Antoine Vermette in Stars zone.
19:31 of 1st period - Snap shot by Sheldon Keefe.
19:31 of 1st period - Stopped by Pascal Leclaire without a rebound.
19:32 of 1st period - David Legwand wins face-off versus Jeff O'Neill in Stars zone.
2nd period
0:01 of 2nd period - David Legwand wins face-off versus Sydney Crosby in neutral zone.
0:03 of 2nd period - Off-side.
0:04 of 2nd period - David Legwand wins face-off versus Alex Tanguay in neutral zone.
0:09 of 2nd period - Snap shot by Cory Stillman.
0:09 of 2nd period - Shot Blocked by Alex Tanguay.
0:37 of 2nd period - Wrist shot by Shane Doan.
0:37 of 2nd period - Goal by Shane Doan - Stars : 1 - Flyers : 1.
0:38 of 2nd period - David Legwand wins face-off versus Sydney Crosby in neutral zone.
1:26 of 2nd period - Snap shot by Patrik Elias.
1:26 of 2nd period - Stopped by Chris Mason with a rebound.
1:28 of 2nd period - Snap shot by Brian Gionta.
1:28 of 2nd period - Deflect By Jonathan Ericsson.
1:28 of 2nd period - Stopped by Chris Mason with a rebound.
1:30 of 2nd period - Slapshot by Francis Bouillon.
1:30 of 2nd period - Shot Blocked by Ryane Clowe.
1:32 of 2nd period - Snap shot by Marty Reasoner.
1:32 of 2nd period - Stopped by Chris Mason without a rebound.
1:33 of 2nd period - David Legwand wins face-off versus Sydney Crosby in Flyers zone.
1:36 of 2nd period - Wrist shot by Alexei Morozov.
1:36 of 2nd period - Stopped by Chris Mason without a rebound.
1:37 of 2nd period - David Legwand wins face-off versus Sydney Crosby in Flyers zone.
1:50 of 2nd period - Wrist shot by David Legwand.
1:50 of 2nd period - Shot Misses the Net.
1:52 of 2nd period - Snap shot by Cory Stillman.
1:52 of 2nd period - Shot Blocked by Sydney Crosby.
2:55 of 2nd period - Snap shot by Ryane Clowe.
2:55 of 2nd period - Shot Blocked by Scott Walker.
3:20 of 2nd period - Minor Penalty to Cory Stillman for Hooking.
3:21 of 2nd period - Marty Reasoner wins face-off versus Sydney Crosby in Stars zone.
4:04 of 2nd period - Ryane Clowe is hit by Filip Novak and loses puck.
4:43 of 2nd period - Milan Michalek is hit by Martin St. Louis and loses puck.
5:09 of 2nd period - Snap shot by Sydney Crosby.
5:09 of 2nd period - Goal by Sydney Crosby - Stars : 1 - Flyers : 2.
5:10 of 2nd period - Olli Jokinen wins face-off versus David Legwand in neutral zone.
5:15 of 2nd period - Snap shot by Justin Williams.
5:15 of 2nd period - Shot Misses the Net.
5:17 of 2nd period - Wrist shot by Olli Jokinen.
5:17 of 2nd period - Deflect By Alexei Morozov.
5:17 of 2nd period - Shot Misses the Net.
5:17 of 2nd period - Puck is out of play.
5:18 of 2nd period - Olli Jokinen wins face-off versus David Legwand in Stars zone.
5:25 of 2nd period - Wrist shot by Justin Williams.
5:25 of 2nd period - Shot Blocked by Pavel Kubina.
5:27 of 2nd period - Slapshot by Chris Pronger.
5:27 of 2nd period - Stopped by Pascal Leclaire without a rebound.
5:28 of 2nd period - David Legwand wins face-off versus Sydney Crosby in Stars zone.
5:35 of 2nd period - Slapshot by Filip Novak.
5:35 of 2nd period - Stopped by Chris Mason without a rebound.
5:36 of 2nd period - Sydney Crosby wins face-off versus David Legwand in Flyers zone.
5:47 of 2nd period - Snap shot by Sydney Crosby.
5:47 of 2nd period - Stopped by Pascal Leclaire without a rebound.
5:48 of 2nd period - David Legwand wins face-off versus Sydney Crosby in Stars zone.
5:53 of 2nd period - Snap shot by Alexei Morozov.
5:53 of 2nd period - Shot Misses the Net.
6:34 of 2nd period - Scott Hannan is hit by Brian Gionta and loses puck.
6:41 of 2nd period - Snap shot by Marty Reasoner.
6:41 of 2nd period - Stopped by Chris Mason without a rebound.
6:42 of 2nd period - David Legwand wins face-off versus Sydney Crosby in Flyers zone.
7:50 of 2nd period - Martin St. Louis is hit by Michael Rupp.
8:09 of 2nd period - Scott Walker is hit by Alex Tanguay and loses puck.
8:27 of 2nd period - Snap shot by Sydney Crosby.
8:27 of 2nd period - Stopped by Pascal Leclaire with a rebound.
9:17 of 2nd period - Slapshot by Martin St. Louis.
9:17 of 2nd period - Shot Misses the Net.
9:35 of 2nd period - Wrist shot by Sydney Crosby.
9:35 of 2nd period - Stopped by Pascal Leclaire without a rebound.
9:36 of 2nd period - Olli Jokinen wins face-off versus David Legwand in Stars zone.
10:23 of 2nd period - Snap shot by Patrik Elias.
10:23 of 2nd period - Goal by Patrik Elias - Stars : 2 - Flyers : 2.
10:24 of 2nd period - Olli Jokinen wins face-off versus David Legwand in neutral zone.
10:35 of 2nd period - Wrist shot by Alexei Morozov.
10:35 of 2nd period - Shot Misses the Net.
10:37 of 2nd period - Slapshot by Francis Bouillon.
10:37 of 2nd period - Stopped by Chris Mason with a rebound.
10:39 of 2nd period - Wrist shot by Cory Stillman.
10:39 of 2nd period - Stopped by Chris Mason with a rebound.
10:49 of 2nd period - Sheldon Keefe is hit by Randy Jones and loses puck.
11:17 of 2nd period - Slapshot by Patrik Elias.
11:17 of 2nd period - Shot Blocked by Mike Lundin.
11:17 of 2nd period - Mike Lundin from Flyers is injured at 11:17 of 2nd period (Upper Body).
11:18 of 2nd period - Sydney Crosby wins face-off versus David Legwand in Flyers zone.
11:31 of 2nd period - Slapshot by Jonathan Ericsson.
11:31 of 2nd period - Stopped by Pascal Leclaire with a rebound.
11:53 of 2nd period - Scottie Upshall is hit by Antoine Vermette and loses puck.
12:14 of 2nd period - Slapshot by Chris Pronger.
12:14 of 2nd period - Shot Blocked by Brian Pothier.
12:52 of 2nd period - Snap shot by Alexei Morozov.
12:52 of 2nd period - Deflect By Cory Stillman.
12:52 of 2nd period - Stopped by Chris Mason without a rebound.
12:53 of 2nd period - Sydney Crosby wins face-off versus David Legwand in Flyers zone.
13:04 of 2nd period - Wrist shot by Alexei Morozov.
13:04 of 2nd period - Deflect By Alex Tanguay.
13:04 of 2nd period - Stopped by Chris Mason with a rebound.
13:06 of 2nd period - Slapshot by Filip Novak.
13:06 of 2nd period - Shot Misses the Net.
13:08 of 2nd period - Wrist shot by Cory Stillman.
13:08 of 2nd period - Stopped by Chris Mason without a rebound.
13:09 of 2nd period - Antoine Vermette wins face-off versus Jeff O'Neill in Flyers zone.
13:34 of 2nd period - Cory Stillman is hit by Nolan Pratt and loses puck.
13:41 of 2nd period - Backhand shot by Alex Tanguay.
13:41 of 2nd period - Shot Misses the Net.
13:43 of 2nd period - Slapshot by Alex Tanguay.
13:43 of 2nd period - Deflect By Sydney Crosby.
13:43 of 2nd period - Shot Misses the Net.
13:43 of 2nd period - Puck is out of play.
13:44 of 2nd period - Antoine Vermette wins face-off versus Sydney Crosby in Stars zone.
13:51 of 2nd period - Slapshot by Antoine Vermette.
13:51 of 2nd period - Deflect By Shane Doan.
13:51 of 2nd period - Shot Blocked by Chris Pronger.
13:51 of 2nd period - Puck is out of play.
13:52 of 2nd period - Sydney Crosby wins face-off versus Antoine Vermette in Flyers zone.
14:23 of 2nd period - Slapshot by Jeff O'Neill.
14:23 of 2nd period - Shot Misses the Net.
14:25 of 2nd period - Slapshot by Scott Hannan.
14:25 of 2nd period - Stopped by Pascal Leclaire with a rebound.
14:27 of 2nd period - Slapshot by Sheldon Keefe.
14:27 of 2nd period - Stopped by Pascal Leclaire with a rebound.
15:39 of 2nd period - Jonathan Ericsson is hit by Pavel Kubina and loses puck.
15:55 of 2nd period - Minor Penalty to David Vyborny for Roughing.
15:56 of 2nd period - Sydney Crosby wins face-off versus Cory Stillman in Flyers zone.
16:26 of 2nd period - Sydney Crosby is hit by Milan Michalek and loses puck.
17:14 of 2nd period - Wrist shot by Sheldon Keefe.
17:14 of 2nd period - Shot Misses the Net.
17:16 of 2nd period - Slapshot by Sheldon Keefe.
17:16 of 2nd period - Shot Misses the Net.
17:18 of 2nd period - Slapshot by Nolan Pratt.
17:18 of 2nd period - Stopped by Pascal Leclaire with a rebound.
17:51 of 2nd period - Nolan Pratt is hit by Francis Bouillon and loses puck.
17:55 of 2nd period - Penalty to David Vyborny is over, David Vyborny is back on ice.
17:55 of 2nd period - Minor Penalty to David Vyborny for Roughing.
17:56 of 2nd period - Sydney Crosby wins face-off versus David Legwand in Flyers zone.
19:43 of 2nd period - Francis Bouillon is hit by Blair Betts and loses puck.
19:55 of 2nd period - Penalty to David Vyborny is over, David Vyborny is back on ice.
3rd period
0:01 of 3rd period - Sydney Crosby wins face-off versus David Legwand in neutral zone.
0:04 of 3rd period - Wrist shot by Chris Pronger.
0:04 of 3rd period - Shot Misses the Net.
0:06 of 3rd period - Snap shot by Sydney Crosby.
0:06 of 3rd period - Stopped by Pascal Leclaire without a rebound.
0:07 of 3rd period - Sydney Crosby wins face-off versus David Legwand in Stars zone.
0:33 of 3rd period - Pavel Kubina is hit by Jonathan Ericsson and loses puck.
0:50 of 3rd period - Wrist shot by David Legwand.
0:50 of 3rd period - Stopped by Chris Mason with a rebound.
0:56 of 3rd period - Alexei Morozov is hit by Sheldon Keefe and loses puck.
1:09 of 3rd period - Snap shot by Alexei Morozov.
1:09 of 3rd period - Shot Misses the Net.
2:38 of 3rd period - Wrist shot by David Legwand.
2:38 of 3rd period - Stopped by Chris Mason without a rebound.
2:39 of 3rd period - Sydney Crosby wins face-off versus Shane Doan in Flyers zone.
2:39 of 3rd period - Sydney Crosby is hit by Francis Bouillon.
2:45 of 3rd period - Nolan Pratt is hit by Randy Jones and loses puck.
2:52 of 3rd period - Slapshot by Milan Michalek.
2:52 of 3rd period - Shot Misses the Net.
2:55 of 3rd period - Minor Penalty to Milan Michalek for Holding.
2:56 of 3rd period - Marty Reasoner wins face-off versus Sydney Crosby in Stars zone.
2:56 of 3rd period - Marty Reasoner is hit by Mark Giordano.
3:40 of 3rd period - Wrist shot by David Vyborny.
3:40 of 3rd period - Deflect By Jan Hlavac.
3:40 of 3rd period - Goal by David Vyborny - Stars : 2 - Flyers : 3.
3:41 of 3rd period - Justin Williams wins face-off versus Antoine Vermette in neutral zone.
4:12 of 3rd period - Snap shot by Martin St. Louis.
4:12 of 3rd period - Stopped by Pascal Leclaire with a rebound.
4:26 of 3rd period - Francis Bouillon is hit by Matt Moulson.
4:32 of 3rd period - Francis Bouillon is hit by Matt Moulson.
4:48 of 3rd period - Milan Michalek is hit by Chris Pronger and loses puck.
5:23 of 3rd period - Wrist shot by Sydney Crosby.
5:23 of 3rd period - Shot Misses the Net.
5:49 of 3rd period - David Legwand is hit by Scottie Upshall.
6:06 of 3rd period - Slapshot by Scott Hannan.
6:06 of 3rd period - Stopped by Pascal Leclaire with a rebound.
7:00 of 3rd period - Wrist shot by Jan Hlavac.
7:00 of 3rd period - Shot Misses the Net.
7:19 of 3rd period - David Legwand is hit by Blair Betts.
7:23 of 3rd period - Matt Moulson is hit by Cory Stillman and loses puck.
7:55 of 3rd period - Jeff O'Neill is hit by Antoine Vermette.
8:20 of 3rd period - Minor Penalty to Jan Hlavac for Goalie Interference.
8:21 of 3rd period - Marty Reasoner wins face-off versus Sydney Crosby in Stars zone.
8:30 of 3rd period - Marty Reasoner is hit by Martin St. Louis and loses puck.
8:45 of 3rd period - Martin St. Louis is hit by Marty Reasoner and loses puck.
8:52 of 3rd period - Filip Novak is hit by Martin St. Louis and loses puck.
8:57 of 3rd period - Wrist shot by Sydney Crosby.
8:57 of 3rd period - Stopped by Pascal Leclaire with a rebound.
8:59 of 3rd period - Snap shot by Chris Pronger.
8:59 of 3rd period - Stopped by Pascal Leclaire without a rebound.
9:00 of 3rd period - Jeff O'Neill wins face-off versus David Legwand in Stars zone.
10:20 of 3rd period - Penalty to Jan Hlavac is over, Jan Hlavac is back on ice.
10:43 of 3rd period - Minor Penalty to Jan Hlavac for Hooking.
10:44 of 3rd period - Marty Reasoner wins face-off versus Sydney Crosby in Stars zone.
11:17 of 3rd period - Snap shot by Sheldon Keefe.
11:17 of 3rd period - Stopped by Pascal Leclaire without a rebound.
11:18 of 3rd period - Marty Reasoner wins face-off versus Sydney Crosby in Stars zone.
11:54 of 3rd period - Wrist shot by Jeff O'Neill.
11:54 of 3rd period - Shot Misses the Net.
11:56 of 3rd period - Wrist shot by Sheldon Keefe.
11:56 of 3rd period - Deflect By Ryane Clowe.
11:56 of 3rd period - Goal by Ryane Clowe - Stars : 2 - Flyers : 4.
11:57 of 3rd period - David Legwand wins face-off versus Sydney Crosby in neutral zone.
12:45 of 3rd period - Shane Doan is hit by Justin Williams and loses puck.
12:47 of 3rd period - Minor Penalty to Francis Bouillon for Hooking.
12:48 of 3rd period - Marty Reasoner wins face-off versus Jeff O'Neill in Stars zone.
14:41 of 3rd period - Icing by Nolan Pratt.
14:42 of 3rd period - Marty Reasoner wins face-off versus Jeff O'Neill in Flyers zone.
14:45 of 3rd period - Snap shot by Marty Reasoner.
14:45 of 3rd period - Stopped by Chris Mason with a rebound.
14:47 of 3rd period - Penalty to Francis Bouillon is over, Francis Bouillon is back on ice.
15:03 of 3rd period - Slapshot by Nolan Pratt.
15:03 of 3rd period - Shot Misses the Net.
15:05 of 3rd period - Slapshot by Nolan Pratt.
15:05 of 3rd period - Shot Misses the Net.
15:07 of 3rd period - Wrist shot by Mark Giordano.
15:07 of 3rd period - Stopped by Pascal Leclaire without a rebound.
15:08 of 3rd period - Antoine Vermette wins face-off versus Sydney Crosby in Stars zone.
15:13 of 3rd period - Slapshot by Sydney Crosby.
15:13 of 3rd period - Shot Misses the Net.
15:21 of 3rd period - Chris Pronger is hit by Shane Doan and loses puck.
15:36 of 3rd period - Icing by Filip Novak.
15:37 of 3rd period - Scottie Upshall wins face-off versus Marty Reasoner in Stars zone.
16:08 of 3rd period - Wrist shot by Brian Gionta.
16:08 of 3rd period - Shot Misses the Net.
16:10 of 3rd period - Slapshot by Randy Jones.
16:10 of 3rd period - Stopped by Chris Mason with a rebound.
16:12 of 3rd period - Snap shot by Marty Reasoner.
16:12 of 3rd period - Stopped by Chris Mason with a rebound.
16:14 of 3rd period - Slapshot by Francis Bouillon.
16:14 of 3rd period - Stopped by Chris Mason without a rebound.
16:15 of 3rd period - David Legwand wins face-off versus Justin Williams in Flyers zone.
16:16 of 3rd period - Snap shot by Alexei Morozov.
16:16 of 3rd period - Deflect By David Legwand.
16:16 of 3rd period - Stopped by Chris Mason with a rebound.
16:42 of 3rd period - Milan Michalek is hit by Scott Hannan.
17:31 of 3rd period - Backhand shot by Matt Moulson.
17:31 of 3rd period - Shot Blocked by Marty Reasoner.
17:33 of 3rd period - Wrist shot by Blair Betts.
17:33 of 3rd period - Shot Misses the Net.
17:35 of 3rd period - Slapshot by Mark Giordano.
17:35 of 3rd period - Shot Blocked by Brian Pothier.
17:55 of 3rd period - Brendan Bell is hit by Jonathan Ericsson and loses puck.
18:05 of 3rd period - Shane Doan is hit by Jeff O'Neill.
18:07 of 3rd period - Snap shot by Antoine Vermette.
18:07 of 3rd period - Shot Misses the Net.
18:16 of 3rd period - Minor Penalty to Jeff O'Neill for Roughing.
18:17 of 3rd period - Sydney Crosby wins face-off versus David Legwand in Flyers zone.
18:26 of 3rd period - Snap shot by Alex Tanguay.
18:26 of 3rd period - Shot Misses the Net.
18:28 of 3rd period - Wrist shot by Chris Pronger.
18:28 of 3rd period - Shot Misses the Net.
18:30 of 3rd period - Wrist shot by Chris Pronger.
18:30 of 3rd period - Shot Blocked by Pavel Kubina.
18:32 of 3rd period - Slapshot by Jonathan Ericsson.
18:32 of 3rd period - Shot Misses the Net.
19:00 of 3rd period - Slapshot by Shane Doan.
19:00 of 3rd period - Stopped by Chris Mason without a rebound.
19:01 of 3rd period - Antoine Vermette wins face-off versus Sydney Crosby in Flyers zone.
19:53 of 3rd period - Sheldon Keefe is hit by Cory Stillman and loses puck.
Output by the SimonT Hockey Simulator (STHS) for François Prévost -- Original Page W3C XHTML 1.0 Valid